 Dungeon Crawl Stone Soup version 0.21.0-3-g78d12a8 (webtiles) character file.

42 Fordwin the Sneak (level 3, -3/17 HPs)
             Began as a Felid Monk on Jan 13, 2018.
             Slain by a hobgoblin
             ... wielding a +0 club
              (5 damage)
             ... on level 2 of the Dungeon.
             The game lasted 00:03:41 (1920 turns).

Fordwin the Sneak (Felid Monk)                      Turns: 1920, Time: 00:03:42

Health: -3/17      AC:  1    Str:  7    XL:     3   Next: 33%
Magic:  4/4        EV: 20    Int: 11    God:
Gold:   99         SH:  0    Dex: 19    Spells: 2/2 levels left
                                        Lives:  0   Deaths: 0

rFire    . . .     SeeInvis +     - Unarmed
rCold    . . .     Gourm    .   (shield unavailable)
rNeg     . . .     Faith    .   (armour unavailable)
rPois    .         Spirit   .   (helmet unavailable)
rElec    .         Reflect  .   (cloak unavailable)
rCorr    .         Harm     .   (gloves unavailable)
MR       .....                  (boots unavailable)
Stlth    ++++......             (no amulet)
HPRegen  0.05/turn              c - ring of stealth
MPRegen  0.09/turn              (no ring)

@: about to teleport, quick
A: very small, no armour, no weapons or thrown items, stealth, claws 1, fangs 3,
see invisible, carnivore, speed 1, shaggy fur 1, slow metabolism 1, sharp paws
a: no special abilities


You were on level 2 of the Dungeon.
You were completely stuffed.

You visited 1 branch of the dungeon, and saw 2 of its levels.

You collected 99 gold pieces.

Inventory:

Jewellery
 c - a ring of stealth (left paw)
Wands
 h - a wand of paralysis (14)
Scrolls
 b - a scroll of teleportation
 e - 2 scrolls of immolation {unknown}
 f - a scroll of noise {unknown}
 j - 3 scrolls of identify {unknown}
 l - 2 scrolls of remove curse
Potions
 d - a potion of heal wounds {unknown}
 g - a potion of lignification {unknown}
 i - 2 potions of cancellation {unknown}
 m - a potion of curing {unknown}
Comestibles
 a - 2 rations
 k - 2 chunks of flesh


   Skills:
 - Level 3.2 Fighting
 - Level 4.3 Dodging
 + Level 4.5 Stealth
 - Level 3.2 Unarmed Combat


You had 2 spell levels left.
You didn't know any spells.

Dungeon Overview and Level Annotations

Branches:
Dungeon (2/15)

Altars:


Innate Abilities, Weirdness & Mutations

You cannot wear armour.
You are incapable of wielding weapons or throwing items.
Your paws allow you to move quietly. (Stealth)
You have sharp claws.
You have razor-sharp teeth.
You have supernaturally acute eyesight. (SInv)
You are carnivorous and can eat meat at any time.
You cover ground quickly.
You are covered in fur. (AC +1)
You have a slow metabolism.
Your sharp claws are effective at attacking unaware monsters.


Message History

You scratch the hobgoblin but do no damage.
The hobgoblin is almost dead.
The kobold completely misses you.
You barely miss the hobgoblin.
The hobgoblin is almost dead.
The hobgoblin completely misses you. The kobold misses you.
You barely miss the hobgoblin.
The hobgoblin is severely wounded.
The hobgoblin hits you with a club.
* * * LOW HITPOINT WARNING * * *
As you read the scroll of teleportation, it crumbles to dust.
You feel strangely unstable. The kobold misses you. The hobgoblin misses you.
You barely miss the hobgoblin.
The hobgoblin is severely wounded.
The kobold closely misses you. The hobgoblin hits you with a club.
* * * LOW HITPOINT WARNING * * *
You barely miss the hobgoblin. Your bite misses the hobgoblin.
The hobgoblin is severely wounded.
The kobold barely misses you. The hobgoblin hits you with a club.
You die...

#. #.(.... #.# .....#
.......... #.# ....#
#......... #.# #...#
#......... #.# #...#
#.........
#.#####...#######.........
#........K................
#........@g...........# #.
#.##################..###รท
#.##......................
##....#....<...............
#.....'............#.#.....
#######..........#.........
#.........................
#.#####.#+#.............#.
#.# #.#.#.............##


You could see a hobgoblin and a kobold.

Vanquished Creatures
  A gnoll (D:1)
  2 dart slugs (D:1)
  A leopard gecko (D:1)
  A giant cockroach (D:2)
  A goblin (D:1)
  3 hobgoblins
  4 jackals (D:1)
  4 ball pythons
  5 bats (D:1)
  A frilled lizard (D:2)
  2 kobolds (D:1)
  2 rats (D:1)
27 creatures vanquished.

Notes
Turn   | Place    | Note
-------+----------+-------------------------------------------
     0 | D:1      | Fordwin the Felid Monk began the quest for the Orb.
     0 | D:1      | Reached XP level 1. HP: 10/10 MP: 2/2
   415 | D:1      | Reached XP level 2. HP: 14/14 MP: 3/3
  1041 | D:1      | Reached XP level 3. HP: 17/17 MP: 4/4
  1740 | D:2      | Found a faded altar of an unknown god.
  1920 | D:2      | Slain by a hobgoblin

Skill      XL: |  1  2 |
---------------+-------+-----
Stealth        | 4 |  4.5
Fighting       | |  3.2
Dodging        | |  4.3
Unarmed Combat | |  3.2

Action                   || total
-------------------------++-------
Melee: Unarmed           ||    80
       Punch             ||     1
       Bite              ||     7
  Use: Scroll            ||     4
 Stab: Sleeping          ||     7
  Eat: Chunk             ||     9
Armor: Skin              ||     3
Dodge: Dodged            ||    56
